 Dungeon Crawl Stone Soup version 0.30-b1-2-g02819fbbbe (webtiles) character file.

Game seed: 3868501171780663323

(classic levelgen) 488 EnegeticOcto the Chopper (level 6, -1/56 HPs)
             Began as a Minotaur Fighter on May 9, 2023.
             Was a Believer of Makhleb.
             Slain by a hobgoblin
             ... wielding a +0 scythe
              (11 damage)
             ... on level 4 of the Dungeon.
             The game lasted 00:01:22 (2819 turns).

EnegeticOcto the Chopper (Minotaur Fighter)         Turns: 2819, Time: 00:01:23

Health: -1/56      AC:  9    Str: 22    XL:     6   Next: 90%
Magic:  6/6        EV:  9    Int:  5    God:    Makhleb [**....]
Gold:   114        SH:  5    Dex: 10    Spells: 5/5 levels left

rFire   . . .        a - +1 war axe
rCold   . . .        c - +0 buckler
rNeg    . . .        b - +0 scale mail
rPois   .            (helmet restricted)
rElec   .            e - +0 cloak
rCorr   .            (no gloves)
SInv    .            f - +0 pair of boots
Will    .....        (no amulet) Stlth
                     (no ring)
HPRegen 0.29/turn    (no ring)
MPRegen 0.10/turn

%: no passive effects
@: no status effects
A: horns 2, retaliatory headbutt
a: Renounce Religion, Minor Destruction


You were on level 4 of the Dungeon.
You worshipped Makhleb.
Makhleb was pleased with you.
You visited 1 branch of the dungeon, and saw 4 of its levels.

You collected 114 gold pieces.

Inventory:

Hand Weapons
 a - a +1 war axe (weapon)
Armour
 b - a +0 scale mail (worn)
 c - a +0 buckler (worn)
 e - a +0 cloak (worn)
   (You found it on level 1 of the Dungeon)
 f - a +0 pair of boots (worn)
   (You found it on level 1 of the Dungeon)
Jewellery
 g - an amulet of faith
   (You found it on level 1 of the Dungeon)
Scrolls
 h - a scroll of magic mapping {@r5}
Potions
 d - a potion of might {@q3}
 k - a potion of mutation {unknown}
 l - a potion of attraction {unknown}
 n - a potion of haste {unknown}


   Skills:
 + Level 5.1 Fighting
 * Level 5.6 Axes
 + Level 5.0 Armour
 + Level 5.0 Shields
 + Level 2.4 Invocations


You had 5 spell levels left.
You didn't know any spells.
Your spell library was empty.

Dungeon Overview and Level Annotations

Branches:
Dungeon (4/15)
 Temple: D:4-7

Altars:
Ashenzari
Makhleb
Okawaru
Qazlal
Zin

Shops:
D:3 (


Innate Abilities, Weirdness & Mutations

You have a pair of horns on your head.
You reflexively headbutt those who attack you in melee.


Message History

You barely miss the hobgoblin. The adder barely misses you.
An adder comes into view.
The hobgoblin hits you from afar with a +0 scythe.
The hobgoblin misses you.
The hobgoblin hits you with a +0 scythe.
A jackal comes into view.
You closely miss the adder.
The adder hisses angrily.
The jackal barks!
You hit the hobgoblin.
A jackal comes into view.
The adder bites you but does no damage. The hobgoblin closely misses you.
The hobgoblin hits you but does no damage.
You block the hobgoblin's attack. The adder completely misses you.
You barely miss the hobgoblin.
The jackal barks!
You headbutt the hobgoblin.
You kill the hobgoblin!
Makhleb accepts your kill.
You closely miss the adder. You hit the jackal. The jackal barely misses you.
The adder bites you.
The hobgoblin hits you from afar with a +0 scythe.
You block the hobgoblin's attack.
A jackal comes into view.
The jackal bites you but does no damage.
You barely miss the jackal.
The jackal barks!
Your headbutt misses the jackal.
The jackal is lightly wounded.
You closely miss the adder. The adder bites you but does no damage.
The hobgoblin hits you but does no damage.
The hobgoblin hits you from afar with a +0 scythe.
The jackal bites you. The adder barely misses you.
The ogre hits you with a +0 giant club. The hobgoblin closely misses you.
The hobgoblin hits you from afar with a +0 scythe.
You hit the jackal.
The jackal is severely wounded.
You hit the ogre but do no damage. You miss the adder. The adder bites you.
The jackal barely misses you. You furiously retaliate!
You headbutt the jackal.
You kill the jackal!
Makhleb accepts your kill.
You feel better. The hobgoblin barely misses you.
The hobgoblin hits you from afar with a +0 scythe!
The jackal bites you but does no damage.
You hit the ogre. You headbutt the ogre!
The ogre is moderately wounded.
You hit the jackal. You hit the adder. The ogre hits you with a +0 giant club!
* * * LOW HITPOINT WARNING * * *
You block the jackal's attack. The adder misses you.
You block the adder's attack. The hobgoblin barely misses you.
The hobgoblin hits you from afar with a +0 scythe!
* * * LOW HITPOINT WARNING * * *
You are too injured to fight recklessly!
You are too injured to fight recklessly!
You are too injured to fight recklessly!
You are too injured to fight recklessly!
You are too injured to fight recklessly!
You are too injured to fight recklessly!
You are too injured to fight recklessly!
You are too injured to fight recklessly!
You are too injured to fight recklessly!
You are too injured to fight recklessly!
You are too injured to fight recklessly!
You are too injured to fight recklessly!
You are too injured to fight recklessly!
You are too injured to fight recklessly!
The adder bites you.
* * * LOW HITPOINT WARNING * * *
The jackal bites you but does no damage.
The adder bites you.
* * * LOW HITPOINT WARNING * * *
The jackal attacks as you move away! You block the jackal's attack.
As you read the scroll labelled KUOSOO QEOH, it crumbles to dust.
You assume a fearsome visage.
The hobgoblin looks frightened!
The adder looks frightened!
The jackal looks frightened! x2
The adder looks frightened!
The ogre looks frightened!
It was a scroll of fear.
Cornered, the jackal turns to fight!
Blink to where?
Press: ? - help, Dir - move target
As you read the scroll labelled WOTILO DU TEI, it crumbles to dust.
It was a scroll of blinking.
The jackal attacks as you move away! The jackal barely misses you.
You block the jackal's attack.
You closely miss the jackal.
The jackal is moderately wounded.
The jackal bites you but does no damage.
The jackal barely misses you.
You slash the jackal!
You kill the jackal!
Makhleb accepts your kill. The jackal closely misses you.
You furiously retaliate!
You headbutt the jackal!
You kill the jackal!
Makhleb accepts your kill.
You see here a jackal corpse.
The hobgoblin hits you but does no damage.
You block the hobgoblin's attack. x2
The hobgoblin attacks as you move away!
The hobgoblin hits you but does no damage.
The hobgoblin hits you from afar with a +0 scythe!
You die...

*, #. #. #. ### #. ..# #. #.#
###.
#.############################<..
.............gg.@†...............
#.##########################....#
#.# #....# #†#*********** #...)#
...**,,,,,,,,* #....#
#..#*,,,,,,,,* #....#
...#*,,,,,,,,* #....#
...'+,,,,,,,,* #....#
...#*,,,,,,,,* ######


You could see 2 hobgoblins.

Vanquished Creatures
  Sigmund (D:3)
  A sky beast (D:3)
  A scorpion (D:4)
  Jessica (D:2)
  Ijyb (D:3)
  3 gnolls (D:3)
  2 adders
  An ufetubus (D:2)
  3 orcs
  3 bats
  2 endoplasms (D:1)
  2 giant cockroaches (D:1)
  5 hobgoblins
  6 jackals
  6 kobolds
  2 quokkas (D:4)
  6 ball pythons
  2 frilled lizards (D:1)
  4 goblins
  4 rats
56 creatures vanquished.

Notes
Turn   | Place    | Note
-------+----------+-------------------------------------------
     0 | D:1      | EnegeticOcto the Minotaur Fighter began the quest for the
                  | Orb.
     0 | D:1      | Reached XP level 1. HP: 19/19 MP: 0/0
    86 | D:1      | Found a faded altar of an unknown god.
   105 | D:1      | Prayed at the altar of an unknown god.
   105 | D:1      | Became a worshipper of Makhleb the Destroyer
   105 | D:1      | Reached * piety under Makhleb
   142 | D:1      | Reached XP level 2. HP: 27/27 MP: 1/1
   494 | D:2      | Noticed Jessica
   504 | D:2      | Killed Jessica
   505 | D:2      | Reached XP level 3. HP: 20/33 MP: 2/2
  1405 | D:3      | Found a broken altar of Ashenzari.
  1405 | D:3      | Found a glowing silver altar of Zin.
  1479 | D:3      | Found a stormy altar of Qazlal.
  1479 | D:3      | Noticed a sky beast
  1482 | D:3      | Reached ** piety under Makhleb
  1483 | D:3      | Reached XP level 4. HP: 35/40 MP: 3/3
  1489 | D:3      | Killed a sky beast
  1490 | D:3      | Reached skill level 1 in Invocations
  1490 | D:3      | Reached XP level 5. HP: 6/47 MP: 3/5
  1696 | D:3      | Found Umotwycko's Antique Weapon Boutique.
  1714 | D:3      | Noticed Ijyb
  1732 | D:3      | Killed Ijyb
  2057 | D:3      | Noticed Sigmund
  2064 | D:3      | Killed Sigmund
  2065 | D:3      | Reached skill level 5 in Axes
  2065 | D:3      | Reached XP level 6. HP: 32/55 MP: 6/6
  2166 | D:3      | Found an iron altar of Okawaru.
  2584 | D:4      | Reached skill level 5 in Shields
  2585 | D:4      | Reached skill level 5 in Fighting
  2585 | D:4      | Reached skill level 5 in Armour
  2819 | D:4      | Slain by a hobgoblin

Illustrated notes

Levels and vault maps discovered:
D:1:      scummos_arrival_checkerplants, layout_rooms,
          hellmonk_ecumenical_altar_pennies_from_heaven,
          minmay_misc_feat_more_columns, corexii_leaking_fountain
D:2:      layout_basic, minivault_23, uniq_jessica
D:3:      layout_loops_corners, nicolae_qazlal_beasts_of_the_sky,
          lemuel_coloured_pillars_altar, gammafunk_temple_overflow_pools,
          serial_shops, shop, uniq_ijyb, uniq_sigmund
D:4:      layout_basic, sigmund_army

Skill      XL: |  1  2  3  4  5  6 |
---------------+-------------------+-----
Axes           | 3 4 5 |  5.6
Fighting       | 4 5 |  5.1
Armour         | 4 5 |  5.0
Shields        | 4 5 |  5.0
Invocations    | 1 2 |  2.4

Action                     |  1- 3 |  4- 6 || total
---------------------------+-------+-------++-------
  Melee: War axe           |    67 |    57 ||   124
         Headbutt          |    10 |    10 ||    20
    Use: Scroll            |       |     6 ||     6
 Armour: Scale mail        |    32 |    39 ||    71
  Dodge: Dodged            |    34 |    42 ||    76
  Block: Buckler           |    20 |    16 ||    36
